 Dungeon Crawl Stone Soup version 0.31-a0-846-gb3bcc0d938 (webtiles) character file.

Game seed: 477200980337600853

132 DocEon the Magician (level 4, 0/24 HPs)
             Began as a Deep Elf Conjurer on Oct 3, 2023.
             Slain by a gnoll
             ... wielding a +0 halberd
              (11 damage)
             ... on level 3 of the Dungeon.
             The game lasted 00:01:55 (2415 turns).

DocEon the Magician (Deep Elf Conjurer)             Turns: 2415, Time: 00:01:56

Health: 0/24       AC:  3    Str:  4    XL:     4   Next: 92%
Magic:  0/13       EV: 12    Int: 25    God:
Gold:   83         SH:  0    Dex: 13    Spells: 1/14 levels left

rFire   . . .        (no weapon)
rCold   . . .        (no shield)
rNeg    + . .        a - +0 robe
rPois   .            (no helmet)
rElec   .            (no cloak)
rCorr   .            l - +0 pair of gloves
SInv    .            (no boots)
Will    .....        (no amulet)
Stlth   ++           g - ring of positive energy
HPRegen 0.24/turn    (no ring)
MPRegen 0.13/turn

%: no passive effects
@: no status effects
A: no striking features
a: no special abilities


You were on level 3 of the Dungeon.
You visited 1 branch of the dungeon, and saw 3 of its levels.

You collected 83 gold pieces.

Inventory:

Armour
 a - a +0 robe (worn)
 l - a +0 pair of gloves (worn)
Jewellery
 c - an amulet of guardian spirit
 g - a ring of positive energy (left hand)
Scrolls
 e - a scroll of torment {unknown}
 i - a scroll of vulnerability {unknown}
 j - a scroll of revelation {unknown}
 k - a scroll of enchant armour {unknown}
Potions
 b - a potion of magic
 d - a potion of might
 f - 2 potions of attraction
 h - a potion of curing {unknown}


   Skills:
 - Level 2.4 Dodging
 - Level 2.4 Stealth
 * Level 5.6 Spellcasting
 + Level 5.2 Conjurations
 + Level 1.2 Hexes
 + Level 0.9 Translocations


You had one spell level left.
You knew the following spells:

 Your Spells              Type           Power      Damage    Failure   Level
a - Magic Dart            Conj           100%       1d8       1%          1
b - Searing Ray           Conj           66%        2d6       1%          2
c - Ensorcelled Hibernat  Hex/Ice        20%        N/A       9%          2
d - Fulminant Prism       Conj/Hex       11%        3d8       21%         4
e - Iskenderun's Mystic   Conj/Tloc      22%        2d6       22%         4

Your spell library contained the following spells:

 Spells                   Type           Power      Damage    Failure   Level
 Apportation              Tloc           22%        N/A       5%          1
 Necrotise                Necr           28%        1d5       8%          1
 Summon Small Mammal      Summ           28%        N/A       8%          1
 Dazzling Flash           Conj/Hex       46%        N/A       6%          3
 Passwall                 Tmut/Erth      5%         N/A       12%         2
 Volatile Blastmotes      Fire/Tloc      18%        2d11      19%         3
 Swiftness                Air            7%         N/A       24%         3
 Starburst                Conj/Fire      10%        6d5       99%         6
 Maxwell's Capacitive Co  Air            3%         ∞         100%        8


Dungeon Overview and Level Annotations

Branches:
Dungeon (3/15)

Altars:
Trog
Xom


Message History

The magic dart hits the gnoll.
The gnoll is moderately wounded.
A gnoll is nearby!
The magic dart hits the gnoll.
The gnoll is moderately wounded.
A gnoll comes into view. It is wielding a +0 club.
The magic dart hits the gnoll!
The gnoll is almost dead.
The gnoll shouts!
The magic dart hits the gnoll!
You kill the gnoll!
The magic dart hits the gnoll.
The gnoll is moderately wounded.
A gnoll comes into view. It is wielding a +0 halberd.
Casting: Magic Dart (safe; 1% risk of failure)
Confirm with . or Enter, or press ? or * to list all spells.
Aiming: Searing Ray (safe; 1% risk of failure)
Press: ? - help, Shift-Dir - straight line, f/p - gnoll
Aim: a gnoll, wielding a +0 club (moderately wounded, 83% to hit)
The searing ray hits the gnoll.
The gnoll is severely wounded. (Press . to maintain the ray.)
The searing ray hits the gnoll!
You kill the gnoll!
The searing ray hits the gnoll.
The gnoll is moderately wounded.
You finish channelling your searing ray.
You are out of magic!
You are out of magic!
Found a scroll of identify.
You aren't carrying any items that you can evoke.
The magic dart hits the gnoll!
The gnoll is severely wounded.
The gnoll hits you from afar with a +0 halberd!
The magic dart hits the gnoll.
The gnoll is almost dead.
The gnoll hits you from afar with a +0 halberd.
You aren't carrying any items that you can evoke.
The gnoll hits you from afar with a +0 halberd!
You die...

#.........#'#.#...P.......#'#
#........#######........#.#.#
#........# #.#...#..#.#..
#........# #.+...+..#.#.#
#.†......# ##g..#....#.#
#........# #........)#.#
########## ####+#...........#
#.....?...........
#@....########. #..g..#
#.....# #........ #########


You could see a gnoll.

Vanquished Creatures
  6 adders
  2 gnolls (D:3)
  A worm (D:3)
  A dart slug (D:1)
  2 orcs (D:3)
  4 endoplasms
  5 giant cockroaches
  4 goblins
  4 hobgoblins
  4 jackals (D:1)
  3 kobolds (D:2)
  4 ball pythons
  6 bats
  6 frilled lizards
  A rat (D:2)
53 creatures vanquished.

Notes
Turn   | Place    | Note
-------+----------+-------------------------------------------
     0 | D:1      | DocEon the Deep Elf Conjurer began the quest for the Orb.
     0 | D:1      | Reached XP level 1. HP: 10/10 MP: 6/6
   390 | D:1      | Reached XP level 2. HP: 15/15 MP: 5/8
   482 | D:1      | Learned a level 2 spell: Searing Ray
   888 | D:2      | Reached XP level 3. HP: 19/19 MP: 5/10
  1622 | D:2      | Reached skill level 5 in Spellcasting
  1622 | D:2      | Reached skill level 5 in Conjurations
  1907 | D:3      | Learned a level 2 spell: Ensorcelled Hibernation
  1913 | D:3      | Reached XP level 4. HP: 24/24 MP: 10/13
  1918 | D:3      | Learned a level 4 spell: Fulminant Prism
  1923 | D:3      | Learned a level 4 spell: Iskenderun's Mystic Blast
  1946 | D:3      | Found a bloodstained altar of Trog.
  2259 | D:3      | Found a shimmering altar of Xom.
  2349 | D:3      | Reached skill level 1 in Hexes
  2415 | D:3      | Slain by a gnoll

Illustrated notes

Levels and vault maps discovered:
D:1:      dpeg_arrival_connections, layout_loops_ring, st_stairs_14
D:2:      layout_loops_ring
D:3:      minmay_angry_zag, layout_basic,
          nicolae_hepliaklqana_monster_ancestors, mainiacjoe_overflow_alcove_4,
          nicolae_overflow_crystal_walls, nicolae_grassy_gnolls

Skill      XL: |  1  2  3  4 |
---------------+-------------+-----
Spellcasting   | 4 5 |  5.6
Conjurations   | 5 |  5.2
Hexes          | 1 |  1.2
Dodging        | |  2.4
Stealth        | |  2.4
Translocations | |  0.9

Action                     |  1- 3 |  4- 6 || total
---------------------------+-------+-------++-------
  Melee: Unarmed           |     4 |       ||     4
   Cast: Magic Dart        |    68 |    43 ||   111
         Searing Ray       |       |     1 ||     1
    Use: Scroll            |     3 |       ||     3
 Armour: Robe              |     3 |     7 ||    10
  Dodge: Dodged            |     7 |     3 ||    10

Table legend: (Time is in decaauts)
 A = Elapsed time spent in this place.
 B = Non-inter-level travel time spent in this place.
 C = Inter-level travel time spent in this place.
 D = Time resting spent in this place.
 E = Time spent auto-exploring this place.
 F = Levels seen in this place.
 G = Mean time per level.
                   A        B        C        D        E       F      G
               +--------+--------+--------+--------+--------+-----+--------+
         Total |   2414 |   2331 |     83 |     91 |   1970 |   3 |  804.7 |
       Dungeon |   2414 |   2331 |     83 |     91 |   1970 |   3 |  804.7 |
               +--------+--------+--------+--------+--------+-----+--------+

Top non-repeatable levels by time:
     D:2: 1077 daAuts
     D:1: 815 daAuts
     D:3: 521 daAuts
